AoeStats
← metanoid

Baltic

511025145Analyzed
2v2 RM · 5h ago on Oct 3, 2026· 12m 43s· 4 players
Game mode
Random Map
Map size
Medium (4 player)
Population
200
Speed
Normal
Resources
Standard
Victory
Conquest
Starting age
Dark Age
Ending age
Imperial Age
RankedLock teamsTeams togetherTeam positionsShared explorationLock speedFull tech treeHidden civsTurbo modeCheats
Victory
Defeat
🇦🇷 Franks · Argentina
925
+30
🇬🇧 Wu · United Kingdom
910
+14
🇵🇪 Varangians · Peru
877
-14
🇺🇸 Franks · United States
874
-14
max_lxvi
11:13 Feudal Age
Shnapd
11:02 Feudal Age
9:18 Loom
metanoid
0:27 Loom
11:12 Feudal Age
12:06 Double-Bit Axe
Juancho Talarga
7:16 Loom
9:34 Feudal Age
9:46 Man-at-Arms
12:55 Double-Bit Axe
Connection lost

Rejoining the realm…

Still unreachable

The connection could not be restored.

Session expired

The server has moved on; the page needs a fresh start.